 Dungeon Crawl Stone Soup version 0.29.0-11-gd7f09526c8 (webtiles) character file.

Game seed: 8514345231492320570

4 Thatpatchoflichen the Digger (level 1, -1/14 HPs)
             Began as a Meteoran Earth Elementalist on Sept 2, 2022.
             Slain by a quokka (2 damage)
             ... on level 2 of the Dungeon.
             The game lasted 00:04:52 (529 turns).

Thatpatchoflichen the Digger (MeEE)                  Turns: 529, Time: 00:04:52

Health: -1/14      AC:  6    Str:  9    XL:     1   Next: 85%
Magic:  1/5        EV:  8    Int: 16    God:
Gold:   32         SH:  0    Dex: 14    Spells: 4/5 levels left

rFire   . . .      SeeInvis .   (no weapon)
rCold   . . .      Faith    .   (no shield)
rNeg    . . .      Spirit   .   e - +0 scale mail
rPois   .          Reflect  .   (no helmet)
rElec   .          Harm     .   (no cloak)
rCorr   .          Rampage  .   (no gloves)
Will    .....                   (no boots)
Stlth   ..........              (no amulet)
HPRegen 0.04/turn               (no ring)
MPRegen 0.09/turn               (no ring)

@: very slightly contaminated, glowing
A: sense surroundings 1, otherworldly, glowing, explore regen
a: no special abilities


You were on level 2 of the Dungeon.
You visited 1 branch of the dungeon, and saw 2 of its levels.

You collected 32 gold pieces.

Inventory:

Hand Weapons
 f - a +0 spear
Armour
 a - a +0 robe
 c - a +0 ring mail
 e - a +0 scale mail (worn)
Scrolls
 g - a scroll of identify {unknown}
 i - a scroll of poison {unknown}
Potions
 b - a potion of magic
 d - a potion of curing {unknown}
 h - a potion of might {unknown}
 j - a potion of cancellation {unknown}


   Skills:
 + Level 0.1 Fighting
 + Level 0.1 Armour
 + Level 2.5 Dodging
 - Level 1.4 Stealth
 + Level 2.7 Spellcasting
 + Level 1.3 Transmutations
 + Level 3.7 Earth Magic


You had 4 spell levels left.
You knew the following spells:

 Your Spells              Type           Power      Damage    Failure   Level
a - Sandblast             Erth           28%        2d8       36%         1

Your spell library contained the following spells:

 Spells                   Type           Power      Damage    Failure   Level
 Passwall                 Tmut/Erth      8%         N/A       65%         2
 Necrotise                Necr           8%         1d4       86%         1
 Stone Arrow              Conj/Erth      16%        3d8       93%         3
 Static Discharge         Conj/Air       2%         3-4/arc   94%         2
 Vampiric Draining        Necr           2%         2d6       99%         3
 Petrify                  Tmut/Erth      10%        N/A       99%         4
 Dispel Undead            Necr           2%         3d7       100%        4
 Sticky Flame             Conj/Fire      2%         2d3       100%        4
 Agony                    Necr           2%         N/A       100%        5


Dungeon Overview and Level Annotations

Branches:
Dungeon (2/15) Zot: 667

Altars:

Shops:
D:1 :


Innate Abilities, Weirdness & Mutations

You passively map a small area around you.
You are easily found by Zot.
You glow in the dark.
You regain HP and MP as you explore.


Message History

Confirm with . or Enter, or press ? or * to list all spells.
Aiming: Sandblast (safe; 36% risk of failure)
Press: ? - help, Shift-Dir - straight line, f/p - adder
Aim: an adder (lightly wounded, 70% to hit)
You miscast Sandblast.
You are very lightly contaminated with residual magic.
Nothing appears to happen.
You feel sick. The quokka barely misses you. The adder barely misses you.
Casting: Sandblast (safe; 36% risk of failure)
Confirm with . or Enter, or press ? or * to list all spells.
Aiming: Sandblast (safe; 36% risk of failure)
Press: ? - help, Shift-Dir - straight line, f/p - adder
Aim: an adder (lightly wounded, 70% to hit)
The blast of sand hits the adder.
The adder is lightly wounded.
You feel sick.
The quokka bites you but does no damage.
The adder closely misses you.
The quokka bites you but does no damage.
The adder bites you but does no damage.
You barely miss the adder.
The adder is lightly wounded.
You feel sick.
You are no longer poisoned.
The quokka bites you.
* * * LOW HITPOINT WARNING * * *
The adder bites you.
* * * LOW HITPOINT WARNING * * *
Unknown command.
Casting: Sandblast (safe; 36% risk of failure)
Confirm with . or Enter, or press ? or * to list all spells.
Aiming: Sandblast (safe; 36% risk of failure)
Press: ? - help, Shift-Dir - straight line, f/p - adder
Aim: an adder (lightly wounded, 70% to hit)
The blast of sand hits the adder!
You kill the adder!
The quokka bites you.
* * * LOW HITPOINT WARNING * * *
The quokka bites you.
You die...

, , , * * * *
** * * # * * *
.# ..### , *
#######...... ,
* #...r@.......
,
#......$.......
* *
#.#............
*, , ,
#######...### *
* ..... , *
...### , ..#
..# , * , , *


You could see a quokka.

Vanquished Creatures
  An adder (D:2)
  A goblin (D:1)
  A hobgoblin (D:1)
  A bat (D:1)
  A kobold (D:1)
5 creatures vanquished.

Notes
Turn   | Place    | Note
-------+----------+-------------------------------------------
     0 | D:1      | Thatpatchoflichen the Meteoran Earth Elementalist began the
                  | quest for the Orb.
     0 | D:1      | Reached XP level 1. HP: 14/14 MP: 5/5
   357 | D:1      | Found Toubooto's Book Boutique.
   498 | D:1      | Glimpsed the power of Zot.
   529 | D:2      | Slain by a quokka

Illustrated notes

Levels and vault maps discovered:
D:1:      saegor_arrival_miasma, layout_loops_corners, serial_shops, shop,
          minmay_misc_feat_pillars, amcnicky_mini_pool_small,
          chequers_serial_rivers_small_b, serial_park_tiny_2
D:2:      layout_loops_cross, basic_altar, minmay_misc_feat_nine_boxes

Action                   || total
-------------------------++-------
Melee: Unarmed           ||    18
 Cast: Sandblast         ||     5
Armor: Robe              ||     5
       Scale mail        ||     5
Dodge: Dodged            ||    19
